 Dungeon Crawl Stone Soup version 0.29-a0-1047-g7c58e119a4 (webtiles) character file.

Game seed: 10095853521294275302

6673 IdlyInterested the Spear-Bearer (level 10, -4/77 (79) HPs)
             Began as a Demonspawn Wanderer on Aug 16, 2022.
             Succumbed to SirDiesAlot's ghost's poison
             ... on level 9 of the Dungeon.
             The game lasted 00:35:42 (11290 turns).

IdlyInterested the Spear-Bearer (DsWn)             Turns: 11290, Time: 00:35:43

HP:   -4/77 (79)    AC: 16    Str: 16    XL:     10   Next: 73%
MP:   4/13          EV:  5    Int: 11    God:
Gold: 533           SH:  0    Dex: 16    Spells: 11/11 levels left

rFire   . . .      SeeInvis .   x - +4 glaive (freeze)
rCold   . . .      Faith    .   (shield currently unavailable)
rNeg    . . .      Spirit   +   j - +0 plate armour
rPois   .          Reflect  .   (helmet restricted)
rElec   .          Harm     .   h - +2 cloak
rCorr   .          Rampage  .   (no gloves)
Will    .....                   b - +0 pair of boots
Stlth   ..........              (no amulet)
HPRegen 0.22/turn               (no ring)
MPRegen 0.26/turn               (no ring)

@: lethally poisoned (-4 -> -29), lightly drained
A: antennae 2, magic shield, magic regeneration, magic link
a: no special abilities


You were on level 9 of the Dungeon.
You visited 2 branches of the dungeon, and saw 10 of its levels.

You collected 693 gold pieces.
You spent 160 gold pieces at shops.

Inventory:

Hand Weapons
 a - a +4 spear of protection
 e - a +0 trident
 p - a +6 vorpal spear
 v - the +10 sling of the Blowfly {flame, rElec rF+++ rC- Dex-2}
   (You found it on level 6 of the Dungeon)

   Any ammunition fired from it burns those it strikes, dealing additional fire
   damage.
   Dex:       It affects your dexterity (-2).
   rF:        It renders you almost immune to fire.
   rC:        It makes you vulnerable to cold.
   rElec:     It insulates you from electricity.
 x - a +4 glaive of freezing (weapon)
Missiles
 n - 6 poisoned darts
 q - 3 boomerangs of dispersal
 r - 2 curare-tipped darts
 t - 6 boomerangs (quivered)
Armour
 b - a +0 pair of boots (worn)
 f - the +3 robe "Sulat" {rPois Will+ Str+5 Dex-5}
   (You found it on level 2 of the Dungeon)

   Str:       It affects your strength (+5).
   Dex:       It affects your dexterity (-5).
   rPois:     It protects you from poison.
   Will:      It increases your willpower.
 g - a +1 kite shield of positive energy
 h - a +2 cloak (worn)
 j - a +0 plate armour (worn)
 E - a +0 troll leather armour
Magical Staves
 u - a staff of death
Wands
 i - a wand of flame (16)
 l - a wand of paralysis (19)
 z - a wand of digging (4)
 D - a wand of mindburst (24)
 H - a wand of roots (3)
Scrolls
 c - 4 scrolls of teleportation
 k - 2 scrolls of brand weapon
 o - 2 scrolls of magic mapping
 s - 5 scrolls of identify
 y - 2 scrolls of amnesia
 A - 3 scrolls of torment {unknown}
 B - 2 scrolls of blinking
Potions
 d - a potion of heal wounds
 m - 4 potions of curing
 w - 3 potions of brilliance
Miscellaneous
 F - a tin of tremorstones (2/2)


   Skills:
 * Level 7.3 Fighting
 + Level 12.6 Polearms
 - Level 1.0 Throwing
 - Level 4.0 Armour
 - Level 2.0 Dodging
 - Level 1.0 Stealth
 - Level 1.0 Shields
 - Level 1.0 Spellcasting
 - Level 4.0 Invocations
 - Level 2.0 Evocations


You had 11 spell levels left.
You didn't know any spells.
Your spell library contained the following spells:

 Spells                   Type           Power      Damage    Failure   Level
 Beastly Appendage        Tmut           0%         N/A       100%        1
 Summon Small Mammal      Summ           0%         N/A       100%        1
 Blink                    Tloc           0%         N/A       100%        2
 Ensorcelled Hibernation  Hex/Ice        0%         N/A       100%        2
 Passwall                 Tmut/Erth      0%         N/A       100%        2
 Wereblood                Tmut           0%         N/A       100%        2
 Call Canine Familiar     Summ           0%         N/A       100%        3
 Lesser Beckoning         Tloc           0%         N/A       100%        3
 Spider Form              Tmut/Pois      0%         N/A       100%        3
 Summon Guardian Golem    Hex/Summ       0%         N/A       100%        3
 Swiftness                Air            0%         N/A       100%        3
 Fulminant Prism          Conj/Hex       0%         3d6       100%        4
 Iskenderun's Mystic Bla  Conj/Tloc      0%         2d3       100%        4
 Lee's Rapid Deconstruct  Erth           0%         3d5*      100%        5
 Manifold Assault         Tloc           0%         N/A       100%        5
 Summon Forest            Summ/Tloc      0%         N/A       100%        5
 Summon Mana Viper        Hex/Summ       0%         N/A       100%        5
 Summon Cactus Giant      Summ           0%         N/A       100%        6


Dungeon Overview and Level Annotations

Branches:
Dungeon (9/15)             Temple (1/1) D:4             Orc (0/2) D:9
   Lair: D:8-11

Altars:
Ashenzari
Cheibriados
Dithmenos
Fedhas
Gozag
Hepliaklqana
Kikubaaqudgha
Makhleb
Nemelex Xobeh
Okawaru
Qazlal
Ru
Sif Muna
Trog
Uskayaw
Vehumet
Wu Jian
Xom
Yredelemnul

Shops:
D:8 *

Annotations:
D:9 SirDiesAlot's ghost, novice DsFE


Innate Abilities, Weirdness & Mutations

You have a pair of antennae on your head.
When hurt, damage is shared between your health and your magic reserves.
You regenerate magic rapidly.
When low on magic, you restore magic in place of health.


Message History

The orc hits you but does no damage.
You hit the orc warrior but do no damage.
The orc warrior is heavily wounded.
You feel very sick. The orc hits you but does no damage.
The orc barely misses you.
The orc warrior hits you but does no damage.
SirDiesAlot's ghost hits you.
You are more poisoned.
The orc hits you but does no damage.
You hit the orc warrior. You freeze the orc warrior.
The orc warrior is heavily wounded.
* * * LOW HITPOINT WARNING * * *
You feel extremely sick. The orc hits you but does no damage. x2
The orc warrior hits you but does no damage.
SirDiesAlot's ghost hits you but does no damage.
You are more poisoned.
The orc barely misses you.
You hit the orc warrior but do no damage.
The orc warrior is heavily wounded.
* * * LOW HITPOINT WARNING * * *
You feel extremely sick. The orc hits you but does no damage. x2
The orc warrior hits you with a +0 flail.
* * * LOW HITPOINT WARNING * * *
SirDiesAlot's ghost completely misses you.
The orc hits you with a +0 hand axe.
* * * LOW HITPOINT WARNING * * *
You closely miss the orc warrior.
The orc warrior is heavily wounded.
* * * LOW HITPOINT WARNING * * *
You feel very sick. The orc hits you but does no damage. x2
The orc warrior hits you with a +0 flail.
SirDiesAlot's ghost hits you but does no damage.
You are more poisoned.
The orc hits you but does no damage.
You hit the orc warrior. You freeze the orc warrior.
The orc warrior is almost dead.
You die...

...#...# ###########......#
...#...#8....._[)...8#...####
.......#.............#...#
.......#.#8#..8..#8#.#...#
.......#[###....{###.#...#
.....###....#####o...#..(#
.......#......ooooo..#...#
.>.....######'oW######...#
.......8......oo@....8...#
...............o.........######
..............................#
..............................#
......###.....................#
...#### #.....................#
...# #.............#########
...# #.###.........# ...# #.#
#.........#


You could see 2 orc warriors, an orc priest, SirDiesAlot's ghost and 7 orcs.

Vanquished Creatures
  A boulder beetle (D:7)
  A centaur warrior (D:9)
  The ghost of SensoryNuts the Chopper, a novice DgFi (D:7)
  Maurice (D:8)
  A troll (D:8)
  A shadow (D:9)
  3 steam dragons
  5 orc warriors
  5 ice beasts
  3 black bears
  An ogre (D:5)
  2 centaurs
  A phantom (D:5)
  3 kobold brigands
  A bullfrog (D:7)
  2 gnoll sergeants
  2 necrophages
  4 scorpions
  8 wights (D:9)
  9 killer bees
  A howler monkey (D:6)
  A gnoll bouda (D:7)
  4 hounds
  A jelly (D:6)
  4 orc priests
  3 iguanas
  5 orc wizards
  5 gnolls (D:5)
  8 adders
  A shadow imp (D:6)
  A white imp (D:6)
  A worm (D:2)
  34 orcs
  7 endoplasms
  4 giant cockroaches
  8 goblins
  6 hobgoblins
  4 jackals (D:4)
  4 quokkas
  5 ball pythons
  7 bats
  5 frilled lizards
  13 kobolds
  3 rats
190 creatures vanquished.

Notes
Turn   | Place    | Note
-------+----------+-------------------------------------------
     0 | D:1      | IdlyInterested the Demonspawn Wanderer began the quest for
                  | the Orb.
     0 | D:1      | IdlyInterested set off with the following items: a +3
                  | spear, a +0 pair of boots, a scroll of teleportation, a +0
                  | leather armour.
     0 | D:1      | Reached XP level 1. HP: 18/18 MP: 2/2
   119 | D:1      | Reached skill level 3 in Polearms
   125 | D:1      | Gained mutation: You have a pair of small antennae on your
                  | head. [demonic ancestry]
   125 | D:1      | Reached XP level 2. HP: 21/24 MP: 3/3
   277 | D:1      | Found a faded altar of an unknown god.
   628 | D:1      | Reached skill level 1 in Armour
   923 | D:2      | Reached XP level 3. HP: 28/29 MP: 4/4
  1111 | D:2      | Identified the +3 robe "Sulat" {rPois Will+ Str+5 Dex-5}
  2004 | D:3      | Reached skill level 4 in Polearms
  2006 | D:3      | Gained mutation: You regenerate magic rapidly. [demonic
                  | ancestry]
  2006 | D:3      | Reached XP level 4. HP: 35/35 MP: 5/5
  2032 | D:3      | Found a sacrificial altar of Ru.
  3003 | D:4      | Found a shimmering blue altar of Sif Muna.
  3055 | D:4      | Gained mutation: When hurt, damage is shared between your
                  | health and your magic reserves. [demonic ancestry]
  3055 | D:4      | Reached XP level 5. HP: 33/41 MP: 6/6
  3150 | D:4      | Found an ornate altar of the Wu Jian Council.
  3152 | D:4      | Found a snail-covered altar of Cheibriados.
  3181 | D:4      | Reached skill level 1 in Invocations
  3307 | D:4      | Found a staircase to the Ecumenical Temple.
  3353 | D:4      | Reached skill level 1 in Throwing
  3353 | D:4      | Reached skill level 1 in Shields
  3377 | D:4      | Reached skill level 5 in Polearms
  3377 | D:4      | Gained mutation: You have a pair of antennae on your head.
                  | [demonic ancestry]
  3377 | D:4      | Reached XP level 6. HP: 30/47 MP: 4/7
  3391 | Temple   | Entered the Ecumenical Temple
  3982 | D:4      | Reached skill level 6 in Polearms
  3982 | D:4      | Gained mutation: When low on magic, you restore magic in
                  | place of health. [demonic ancestry]
  3982 | D:4      | Reached XP level 7. HP: 42/53 MP: 5/8
  4400 | D:5      | Entered Level 5 of the Dungeon
  4873 | D:5      | Identified the +3 sling of Bread {vorpal, rPois Str+4}
  5205 | D:5      | Reached skill level 7 in Polearms
  5499 | D:6      | Identified the +10 sling of the Blowfly {flame, rElec rF+++
                  | rC- Dex-2}
  5676 | D:6      | Reached XP level 8. HP: 56/60 MP: 7/9
  5793 | D:6      | Reached skill level 8 in Polearms
  6890 | D:7      | Noticed a boulder beetle
  6897 | D:7      | Noticed SensoryNuts's ghost (novice DgFi)
  6905 | D:7      | Reached skill level 9 in Polearms
  6913 | D:7      | Found a runed translucent gate.
  6921 | D:7      | Found a runed translucent gate.
  6921 | D:7      | Found a runed translucent gate.
  7625 | D:7      | Reached XP level 9. HP: 65/65 MP: 12/12
  7926 | D:7      | Killed SensoryNuts's ghost
  7927 | D:7      | Reached skill level 10 in Polearms
  7961 | D:7      | Killed a boulder beetle
  7962 | D:7      | Reached skill level 11 in Polearms
  8425 | D:8      | Noticed a troll
  8459 | D:8      | Killed a troll
  8460 | D:8      | Reached XP level 10. HP: 43/71 MP: 10/13
  8650 | D:8      | Found a broken altar of Ashenzari.
  8771 | D:8      | Noticed Maurice
  8798 | D:8      | Killed Maurice
  8799 | D:8      | Reached skill level 12 in Polearms
  9024 | D:8      | Found Lagomp's CLEARANCE SALE!.
  9038 | D:8      | Bought a tin of tremorstones (2/2) for 160 gold pieces
  9444 | D:9      | Identified a scroll of acquirement
  9444 | D:9      | Acquired a +4 glaive of freezing
  9640 | D:9      | Reached skill level 5 in Fighting
 10007 | D:9      | Noticed a centaur warrior
 10021 | D:9      | Killed a centaur warrior
 10355 | D:9      | Found a staircase to the Orcish Mines.
 10448 | D:9      | Found a runed translucent gate.
 10448 | D:9      | Noticed SirDiesAlot's ghost (novice DsFE)
 10449 | D:9      | Found a runed translucent gate.
 10450 | D:9      | Found a runed translucent gate.
 11289 | D:9      | HP: 3/77 [poisoned by SirDiesAlot's ghost]
 11290 | D:9      | Succumbed to SirDiesAlot's ghost's poison

Illustrated notes

Levels and vault maps discovered:
D:1:      matt_arrival_debris, layout_loops_ring, ebering_ecumenical_altar_box,
          minmay_misc_feat_iff, minmay_nonomino_d4
D:2:      layout_basic
D:3:      layout_basic, nicolae_ru_great_annihilating_truth, grunt_ministairs_3
D:4:      layout_basic, nicolae_overflow_hidden_temple,
          minmay_temple_entry_mini_moons
D:5:      layout_basic
D:6:      layout_layer_cave
D:7:      layout_basic, gammafunk_ghost_split
D:8:      layout_cave_pools, nicolae_ashenzari_skybound, nicolae_shop_clearance,
          uniq_maurice
D:9:      layout_irregular_city, orc_david_3, biasface_ghost_orc_armoury,
          minmay_microvault
Temple:   nicolae_temple_bog_church

Skill      XL: |  1  2  3  4  5  6  7  8  9 10 |
---------------+-------------------------------+-----
Polearms       | 3 4 5 6 7 9 11 12 | 12.6
Armour         | 1 2 3 4 |  4.0
Invocations    | 2 4 |  4.0
Throwing       | 1 |  1.0
Shields        | 1 |  1.0
Fighting       | 4 7 |  7.3
Dodging        | 2 |  2.0
Evocations     | 2 |  2.0
Stealth        | |  1.0
Spellcasting   | |  1.0

Action                   |  1- 3 |  4- 6 |  7- 9 | 10-12 || total
-------------------------+-------+-------+-------+-------++-------
Melee: Spear             |    99 |   174 |   371 |    60 ||   704
       Punch             |       |     1 |       |       ||     1
       Glaive            |       |       |       |   124 ||   124
Throw: Dart              |       |       |     1 |     2 ||     3
       Boomerang         |       |       |       |     4 ||     4
Evoke: Wand              |       |       |     3 |       ||     3
  Use: Scroll            |     9 |     3 |     8 |     1 ||    21
       Potion            |       |     1 |     6 |     4 ||    11
 Stab: Sleeping          |     1 |     1 |     2 |       ||     4
       Paralysed         |       |     1 |     4 |       ||     5
       Distracted        |       |       |     1 |       ||     1
       Invisible         |       |       |     1 |       ||     1
Armor: Ring mail         |    24 |       |       |       ||    24
       Robe              |    10 |    84 |   118 |    38 ||   250
       Chain mail        |     4 |       |       |       ||     4
       Plate armour      |       |       |       |    64 ||    64
Dodge: Dodged            |    43 |    89 |    79 |    83 ||   294
Block: Kite shield       |       |       |    93 |    10 ||   103

Table legend: (Time is in decaauts)
 A = Elapsed time spent in this place.
 B = Non-inter-level travel time spent in this place.
 C = Inter-level travel time spent in this place.
 D = Time resting spent in this place.
 E = Time spent auto-exploring this place.
 F = Levels seen in this place.
 G = Mean time per level.
                   A        B        C        D        E       F      G
               +--------+--------+--------+--------+--------+-----+--------+
         Total |  11150 |   9878 |   1272 |   1320 |   6291 |  10 | 1115.0 |
       Dungeon |  10862 |   9595 |   1267 |   1320 |   6023 |   9 | 1206.9 |
        Temple |    287 |    282 |      5 |      0 |    268 |   1 |  287.0 |
               +--------+--------+--------+--------+--------+-----+--------+

Top non-repeatable levels by time:
     D:9: 1840 daAuts
     D:7: 1485 daAuts
     D:3: 1237 daAuts
     D:6: 1213 daAuts
     D:4: 1128 daAuts
     D:8: 1126 daAuts
     D:2: 1042 daAuts
     D:5: 915 daAuts
     D:1: 873 daAuts
  Temple: 287 daAuts
